 Dungeon Crawl Stone Soup version 0.29.1-2-gbd0b4ee654 (webtiles) character file.

Game seed: 3793273773576206755

119 GorkyZ the Shield-Bearer (level 5, -1/33 HPs)
             Began as a Gargoyle Fighter on Nov 23, 2022.
             Slain by Pikel
             ... wielding a +1 whip of flaming
              (6 damage)
             ... on level 4 of the Dungeon.
             The game lasted 00:06:11 (2663 turns).

GorkyZ the Shield-Bearer (Gargoyle Fighter)         Turns: 2663, Time: 00:06:11

Health: -1/33      AC: 14    Str: 22    XL:     5   Next: 3%
Magic:  5/5        EV:  7    Int:  8    God:
Gold:   139        SH:  4    Dex:  9    Spells: 4/4 levels left

rFire   . . .      SeeInvis .   a - +0 war axe
rCold   . . .      Faith    .   c - +0 buckler
rNeg    + . .      Spirit   .   j - +1 chain mail
rPois   ∞          Reflect  .   (no helmet)
rElec   +          Harm     .   (no cloak)
rCorr   .          Rampage  .   (no gloves)
Will    .....                   (no boots)
Stlth   ..........              (no amulet)
HPRegen 0.11/turn               (no ring)
MPRegen 0.09/turn               (no ring)

@: studying Axes
A: sickness immunity, AC +4, negative energy resistance 1, electricity
resistance, torment resistance 1, petrification resistance
a: no special abilities


You were on level 4 of the Dungeon.
You visited 1 branch of the dungeon, and saw 4 of its levels.

You collected 139 gold pieces.

Inventory:

Hand Weapons
 a - a +0 war axe (weapon)
Missiles
 p - 4 poisoned darts (quivered)
Armour
 b - a +0 scale mail
 c - a +0 buckler (worn)
 j - a +1 chain mail (worn)
Jewellery
 g - an amulet of reflection
Scrolls
 h - a scroll of teleportation
Potions
 d - 2 potions of might
 k - a potion of degeneration
 n - a potion of flight
 o - a potion of lignification


   Skills:
 + Level 3.7 Fighting
 * Level 3.3 Axes
 + Level 1.2 Throwing
 + Level 3.6 Armour
 + Level 3.8 Shields
 + Level 1.2 Evocations


You had 4 spell levels left.
You didn't know any spells.
Your spell library contained the following spells:

 Spells                   Type           Power      Damage    Failure   Level
 Beastly Appendage        Tmut           0%         N/A       99%         1
 Wereblood                Tmut           0%         N/A       100%        2
 Spider Form              Tmut/Pois      0%         N/A       100%        3


Dungeon Overview and Level Annotations

Branches:
Dungeon (4/15)
 Temple: D:4-7

Altars:
Cheibriados
Dithmenos
Uskayaw

Annotations:
D:4 Pikel


Innate Abilities, Weirdness & Mutations

You are immune to sickness and miasma.
Your stone body is resilient. (AC +4)
You are immune to poison.
You resist negative energy. (rN+)
You are resistant to electric shocks. (rElec)
You are resistant to unholy torment.
You are immune to petrification.


Message History

Pikel cracks his whip.
Pikel zaps a wand.
The bolt of light misses you. You block the scorpion's attack.
You slash the scorpion!
The scorpion is almost dead.
The scorpion stings you but does no damage.
The scorpion stings you.
You closely miss the scorpion.
The scorpion is almost dead.
You hit Pikel but do no damage. Pikel closely misses you.
A lemure comes into view.
The scorpion stings you but does no damage.
You completely miss the scorpion.
The scorpion is almost dead.
You closely miss Pikel. The scorpion closely misses you.
You block Pikel's attack. The scorpion stings you.
Pikel zaps a wand.
The bolt of light misses you.
You closely miss the scorpion.
The scorpion is almost dead.
You barely miss Pikel. You block the scorpion's attack.
Pikel hits you but does no damage.
You hit the scorpion but do no damage.
The scorpion is almost dead.
You hit Pikel but do no damage.
The scorpion stings you but does no damage.
Pikel hits you with a +1 whip of flaming!
* * * LOW HITPOINT WARNING * * *
Pikel burns you.
* * * LOW HITPOINT WARNING * * *
A lemure comes into view.
You block the scorpion's attack.
You completely miss the scorpion.
The scorpion is almost dead.
You closely miss Pikel.
The lemure shouts!
Pikel hits you but does no damage.
A lemure comes into view.
The scorpion stings you but does no damage. x2
Pikel hits you with a +1 whip of flaming.
You die...

##.K#...#
###.####
##..##
##..##
##..###
###55#
##5# #K#
#@# #s##
#.. #..
#.# #. ..
.#


You could see Pikel, 3 lemures and a scorpion.

Vanquished Creatures
  5 adders
  A gnoll (D:3)
  A worm (D:2)
  3 orcs
  3 ball pythons
  8 endoplasms
  2 giant cockroaches
  4 goblins (D:2)
  2 hobgoblins
  4 jackals (D:1)
  8 kobolds
  3 quokkas (D:1)
  5 bats
  A frilled lizard (D:1)
  6 rats
56 creatures vanquished.

Notes
Turn   | Place    | Note
-------+----------+-------------------------------------------
     0 | D:1      | GorkyZ the Gargoyle Fighter began the quest for the Orb.
     0 | D:1      | Reached XP level 1. HP: 14/14 MP: 1/1
   164 | D:1      | Reached XP level 2. HP: 17/19 MP: 2/2
   648 | D:1      | Found a faded altar of an unknown god.
  1159 | D:2      | Reached XP level 3. HP: 21/23 MP: 3/3
  1517 | D:2      | Reached XP level 4. HP: 24/28 MP: 4/4
  1889 | D:3      | Reached skill level 1 in Evocations
  1930 | D:3      | Reached skill level 1 in Throwing
  1951 | D:3      | Found a snail-covered altar of Cheibriados.
  2092 | D:3      | Found a hide-covered altar of Uskayaw.
  2340 | D:3      | Found a shadowy altar of Dithmenos.
  2615 | D:4      | Reached XP level 5. HP: 20/33 MP: 5/5
  2636 | D:4      | Noticed Pikel
  2659 | D:4      | Noticed a lemure
  2662 | D:4      | Noticed a lemure
  2663 | D:4      | Noticed a lemure
  2663 | D:4      | Slain by Pikel

Illustrated notes

Levels and vault maps discovered:
D:1:      sevenhm_arrival_forest_fort_large_2, layout_basic,
          shapermc_ecumenical_altar_totnotflames
D:2:      layout_basic
D:3:      layout_loops_cross, marbit_many_paths, grunt_dithmenos_smoke,
          mainiacjoe_overflow_brackets, hangedman_decor_growths, glass_columns_a
D:4:      layout_cave_pods, enter_ossuary_1, minmay_parallelograms, uniq_pikel

Skill      XL: |  1  2  3  4 |
---------------+-------------+-----
Axes           | 2 3 |  3.3
Evocations     | 1 |  1.2
Throwing       | 1 |  1.2
Fighting       | |  3.7
Armour         | |  3.6
Shields        | |  3.8

Action                   |  1- 3 |  4- 6 || total
-------------------------+-------+-------++-------
Melee: War axe           |    83 |    87 ||   170
  Use: Potion            |       |     1 ||     1
       Scroll            |       |     8 ||     8
Armor: Scale mail        |    35 |       ||    35
       Chain mail        |    22 |    91 ||   113
Dodge: Dodged            |    39 |    32 ||    71
Block: Buckler           |    16 |    19 ||    35
